 Dungeon Sprint DCSS version 0.27.1 (webtiles) character file.

Game seed: 11363127168092147779

161 sasquatch the Blocker (level 5, -7/41 HPs)
             Began as a Formicid Fighter on Aug 22, 2021.
             Killed from afar by a deep elf pyromancer (16 damage)
             ... with a bolt of fire
             ... in the Dungeon (Sprint III: "The Ten Rune Challenge").
             The game lasted 00:03:54 (694 turns).

sasquatch the Blocker (Formicid Fighter)             Turns: 694, Time: 00:03:54

Health: -7/41      AC:  6    Str: 21    XL:     5   Next: 70%
Magic:  5/5        EV:  9    Int:  8    God:
Gold:   32         SH: 11    Dex: 10    Spells: 4/4 levels left

rFire    . . .     SeeInvis +   a - +0 flail
rCold    . . .     Faith    .   c - +0 kite shield
rNeg     . . .     Spirit   .   b - +0 scale mail
rPois    .         Reflect  .   (helmet unavailable)
rElec    .         Harm     .   (no cloak)
rCorr    .         Rampage  .   (no gloves)
Will     .....                  (no boots)
Stlth    ..........             (no amulet)
HPRegen  0.13/turn              (no ring)
MPRegen  0.09/turn              (no ring)

@: no status effects
A: permanent stasis, dig shafts and tunnels, antennae 3, four strong arms
a: Dig


You were in the Dungeon.
You visited 1 branch You collected 32 gold pieces.

Inventory:

Hand Weapons
 a - a +0 flail (weapon)
Armour
 b - a +0 scale mail (worn)
 c - a +0 kite shield (worn)
Scrolls
 d - a scroll of holy word {unknown}
 e - 2 scrolls of identify {unknown}
 h - a scroll of amnesia {unknown}
 j - a scroll of torment {unknown}
Potions
 f - 3 potions of flight
 g - 2 potions of magic
 i - 5 potions of mutation


   Skills:
 - Level 3.2 Fighting
 + Level 8.3 Maces & Flails
 - Level 3.2 Armour
 - Level 9.0 Shields


You had 4 spell levels left.
You didn't know any spells.
Your spell library was empty.

Dungeon Overview and Level Annotations

Branches:
Dungeon (1/1)

Altars:
Elyvilon
Zin
The Shining One


Innate Abilities, Weirdness & Mutations

You cannot be hasted, slowed, berserked, paralysed or teleported.
You can dig through walls and to a lower floor.
You have a pair of large antennae on your head. (SInv)
Your four strong arms can wield two-handed weapons with a shield.


Message History

The deep elf pyromancer is moderately wounded.
The deep elf pyromancer barely misses you.
You closely miss the deep elf pyromancer.
The deep elf pyromancer is moderately wounded.
The deep elf pyromancer barely misses you.
Press: ? - help, v - describe, . - travel
Here: a deep elf pyromancer, wielding a +0 long sword of holy wrath (moderately wounded)
An open door, spattered with blood.
Unknown command.
Unknown command.
You barely miss the deep elf pyromancer.
The deep elf pyromancer is moderately wounded.
The deep elf pyromancer hits you with a +0 long sword of holy wrath.
You barely miss the deep elf pyromancer.
The deep elf pyromancer is moderately wounded.
The deep elf pyromancer hits you but does no damage.
You barely miss the deep elf pyromancer.
The deep elf pyromancer is moderately wounded.
The deep elf pyromancer misses you.
You hit the deep elf pyromancer.
The deep elf pyromancer is moderately wounded.
The deep elf pyromancer hits you with a +0 long sword of holy wrath.
You closely miss the deep elf pyromancer.
The deep elf pyromancer is moderately wounded.
You block the deep elf pyromancer's attack.
You barely miss the deep elf pyromancer.
The deep elf pyromancer is moderately wounded.
You block the deep elf pyromancer's attack.
You thump the deep elf pyromancer!
The deep elf pyromancer is heavily wounded.
The deep elf pyromancer hits you with a +0 long sword of holy wrath!
* * * LOW HITPOINT WARNING * * *
You closely miss the deep elf pyromancer.
The deep elf pyromancer is heavily wounded.
You block the deep elf pyromancer's attack.
You closely miss the deep elf pyromancer.
The deep elf pyromancer is heavily wounded.
The deep elf pyromancer casts a spell at you.
The bolt of fire hits you!
You die...

▓▓▓▓▓ ▓▓▓▓▓▓ #...####
#..#.#####
#......#####..#___# {
#.......#..#..#.@.# { {
##..#...#..#..###e#+###+
##.#.#..##'#..#..........
.##)##..###...'.⌠........
#..#...####...#...######+
...##..###....#.⌠.#{ {
..#.÷..##.....#...#
.##....#......#+###
###..##.#.....# {{


You could see a deep elf pyromancer.

Vanquished Creatures
  A scorpion (D)
  A water elemental (D)
  Jessica (D)
  A human (D)
  An endoplasm (D)
  2 rats (D)
7 creatures vanquished.

Vanquished Creatures (others)
  3 plants (D)
3 creatures vanquished.

Grand Total: 10 creatures vanquished

Notes
Turn   | Place    | Note
-------+----------+-------------------------------------------
     0 | D        | sasquatch the Formicid Fighter began the quest for the Orb.
     0 | D        | Reached XP level 1. HP: 18/18 MP: 1/1
     8 | D        | Reached skill level 4 in Shields
   197 | D        | Noticed Jessica
   209 | D        | Killed Jessica
   210 | D        | Reached skill level 6 in Shields
   210 | D        | Reached XP level 2. HP: 23/24 MP: 2/2
   210 | D        | Reached XP level 3. HP: 28/29 MP: 3/3
   253 | D        | Reached skill level 5 in Maces & Flails
   254 | D        | Noticed a scorpion
   261 | D        | Killed a scorpion
   262 | D        | Reached skill level 8 in Shields
   262 | D        | Reached XP level 4. HP: 6/35 MP: 4/4
   262 | D        | Reached XP level 5. HP: 7/41 MP: 5/5
   490 | D        | Noticed a water elemental
   499 | D        | Killed a water elemental
   500 | D        | Reached skill level 9 in Shields
   659 | D        | Found a glowing silver altar of Zin.
   660 | D        | Found a glowing golden altar of the Shining One.
   660 | D        | Found a white marble altar of Elyvilon.
   660 | D        | Noticed a deep elf pyromancer
   694 | D        | Killed from afar by a deep elf pyromancer

Illustrated notes

Levels and vault maps discovered:
D:        dungeon_sprint_mu [sprint_mu_entry_cave, sprint_mu_temple_rooms,
          sprint_mu_d1_horrors, sprint_mu_d2_genie, sprint_mu_d3_branching,
          sprint_mu_orc_legion, sprint_mu_elf_gauntlet, sprint_mu_hive_nellie,
          sprint_mu_lair_fedhas, sprint_mu_vaults_butterflies,
          sprint_mu_slime_circle, sprint_mu_swamp_cave, sprint_mu_snake_twists,
          sprint_mu_blade_basic, sprint_mu_crypt_lich, sprint_mu_tomb_spiral,
          sprint_mu_vestibule_basic, sprint_mu_gehenna_hellfire,
          sprint_mu_dis_giant, sprint_mu_tartarus_statrot,
          sprint_mu_cocytus_islands, sprint_mu_zot1]

Skill      XL: |  1  2  3  4  5 |
---------------+----------------+-----
Shields        | 6 8 9 |  9.0
Maces & Flails | 4 6 8 |  8.3
Fighting       | |  3.2
Armour         | |  3.2

Action                   |  1- 3 |  4- 6 || total
-------------------------+-------+-------++-------
Melee: Flail             |    34 |    28 ||    62
 Abil: Dig               |     4 |     2 ||     6
  Use: Potion            |     2 |     1 ||     3
Armor: Scale mail        |     7 |     4 ||    11
Dodge: Dodged            |     9 |     7 ||    16
Block: Kite shield       |    15 |     8 ||    23
